 Dungeon Crawl Stone Soup version 0.30.1-9-gdf580d7c3d (webtiles) character file.

Game seed: 11427801876498010426

47 Gladio the Trooper (level 3, -1/33 HPs)
             Began as a Hill Orc Fighter on Oct 16, 2023.
             Slain by Sigmund
             ... wielding a +0 scythe
              (7 damage)
             ... on level 2 of the Dungeon.
             The game lasted 00:01:13 (1040 turns).

Gladio the Trooper (Hill Orc Fighter)               Turns: 1040, Time: 00:01:14

Health: -1/33      AC:  6    Str: 20    XL:     3   Next: 70%
Magic:  3/3        EV:  9    Int:  8    God:
Gold:   80         SH:  0    Dex: 10    Spells: 2/2 levels left

rFire   + . .        a - +0 war axe
rCold   . . .        c - +0 buckler
rNeg    . . .        b - +0 scale mail
rPois   .            (no helmet)
rElec   .            (no cloak)
rCorr   .            (no gloves)
SInv    .            (no boots)
Will    .....        (no amulet) Stlth
                     g - ring of protection from fire
HPRegen 0.25/turn    (no ring)
MPRegen 0.08/turn

%: no passive effects
@: confused, mighty
A: no striking features
a: no special abilities


You were on level 2 of the Dungeon.
You visited 1 branch of the dungeon, and saw 2 of its levels.

You collected 80 gold pieces.

Inventory:

Hand Weapons
 a - a +0 war axe (weapon)
Armour
 b - a +0 scale mail (worn)
 c - a +0 buckler (worn)
Jewellery
 g - a ring of protection from fire (left hand)
Scrolls
 f - 2 scrolls of enchant armour {unknown}
 k - a scroll of fear {unknown}
Potions
 d - a potion of might
 e - a potion of curing {unknown}
 h - a potion of brilliance {unknown}
 i - a potion of cancellation {unknown}
 j - 3 potions of attraction {unknown}


   Skills:
 + Level 4.0 Fighting
 * Level 3.9 Axes
 + Level 3.6 Armour
 + Level 3.7 Shields


You had 2 spell levels left.
You didn't know any spells.
Your spell library was empty.

Dungeon Overview and Level Annotations

Branches:
Dungeon (2/15)

Altars:
The Shining One

Shops:
D:2 :

Annotations:
D:2 Sigmund


Message History

No target in view!
No target in view!
A bat comes into view.
A bat is nearby!
The bat barely misses you.
You barely miss the bat. The bat barely misses you.
The bat hits you but does no damage.
You slash the bat!
You kill the bat!
No target in view!
No target in view!
No target in view!
No target in view!
No target in view!
No target in view!
There is an entrance to Zekam's Book Emporium here.
Sigmund the Dreaded comes into view.
He is wielding a +0 scythe and carrying a wand of flame (22).
Sigmund shouts!
Sigmund zaps a wand.
The puff of flame hits you. You resist.
Sigmund is nearby!
Sigmund hits you from afar with a +0 scythe.
A goblin comes into view. It is wielding a +0 club.
You feel very mighty all of a sudden. Sigmund closely misses you.
You hit Sigmund.
Sigmund is moderately wounded.
Sigmund hits you with a +0 scythe!
You closely miss Sigmund.
Sigmund is moderately wounded.
Sigmund casts a spell at you.
You are confused.
You bump into the rock wall.
Sigmund zaps a wand.
The puff of flame hits you. You resist.
Sigmund zaps a wand.
The puff of flame hits you. You resist.
Sigmund zaps a wand.
The puff of flame hits you. You resist.
* * * LOW HITPOINT WARNING * * *
You barely miss Sigmund.
Sigmund is moderately wounded.
Sigmund hits you with a +0 scythe!
You die...

. .## ..# #.#
#.#
##.###.#######
+...g@........
.> # #@# #. #.
##.# #.
#.##..# ##.
#..#.#######
#..
#...∩.......
#..#
#.##.#######
#... # #..#
#...
#.#.########
#...
#..........#
#...


You could see Sigmund and a goblin.

Vanquished Creatures
  An adder (D:2)
  A worm (D:2)
  A dart slug (D:1)
  5 endoplasms
  A goblin (D:1)
  3 hobgoblins (D:1)
  2 quokkas
  A ball python (D:2)
  5 bats
  11 frilled lizards
  2 kobolds (D:2)
  2 rats (D:1)
35 creatures vanquished.

Notes
Turn   | Place    | Note
-------+----------+-------------------------------------------
     0 | D:1      | Gladio the Hill Orc Fighter began the quest for the Orb.
     0 | D:1      | Reached XP level 1. HP: 19/19 MP: 1/1
   106 | D:1      | Reached XP level 2. HP: 27/27 MP: 2/2
   744 | D:2      | Reached XP level 3. HP: 33/33 MP: 3/3
   829 | D:2      | Reached skill level 4 in Fighting
   863 | D:2      | Found a glowing golden altar of the Shining One.
  1015 | D:2      | Found Zekam's Book Emporium.
  1031 | D:2      | Noticed Sigmund
  1040 | D:2      | Slain by Sigmund

Illustrated notes

Levels and vault maps discovered:
D:1:      dpeg_arrival_stonehenge_8_columns, layout_loops_ring,
          supply_closet_lemuel
D:2:      cheibrodos_greedy_goblins, layout_basic, serial_shops,
          nicolae_shop_crystal, basic_altar, minmay_lizard_king, uniq_terence,
          uniq_sigmund, uniq_jessica

Skill      XL: |  1  2  3 |
---------------+----------+-----
Axes           | 3 |  3.9
Fighting       | 4 |  4.0
Armour         | |  3.6
Shields        | |  3.7

Action                     || total
---------------------------++-------
  Melee: War axe           ||    90
    Use: Potion            ||     1
 Armour: Scale mail        ||    41
  Dodge: Dodged            ||    48
  Block: Buckler           ||    17
